 Dungeon Crawl Stone Soup version 0.22.0-27-ga576289 (webtiles) character file.

3364 shmeve the Blocker (level 9, -2/121 HPs)
             Began as a Minotaur Berserker on Aug 22, 2018.
             Was a High Priest of Trog.
             Slain by an orc knight
             ... wielding a +0 halberd
              (6 damage)
             ... in a bailey.
             The game lasted 00:17:49 (7907 turns).

shmeve the Blocker (Minotaur Berserker)             Turns: 7907, Time: 00:17:49

Health: -2/121     AC: 15    Str: 31    XL:     9   Next: 73%
Magic:  8/8        EV: 10    Int:  4    God:    Trog [*****.]
Gold:   436        SH:  5    Dex:  9    Spells: 8/8 levels left

rFire    + . .     SeeInvis .   e - +4 war axe
rCold    . . .     Gourm    .   k - +0 buckler
rNeg     . . .     Faith    .   m - +0 plate armour
rPois    .         Spirit   .   (helmet restricted)
rElec    .         Reflect  .   x - +2 cloak
rCorr    .         Harm     .   (no gloves)
MR       ++...                  (no boots)
Stlth    ..........             (no amulet)
HPRegen  1.30/turn              j - ring of protection from fire
MPRegen  0.11/turn              u - ring of stealth

@: berserking (expiring), regenerating, very quick
A: retaliatory headbutt, horns 2
a: Berserk, Trog's Hand, Brothers in Arms, Renounce Religion


You were in a bailey.
You worshipped Trog.
Trog was extremely pleased with you.
You were very hungry.

You visited 1 branch of the dungeon, and saw 7 of its levels.
You also visited: Sewer and Bailey.

You collected 436 gold pieces.

Inventory:

Hand Weapons
 e - a +4 war axe (weapon)
Missiles
 a - 5 javelins of returning (quivered)
Armour
 k - a +0 buckler (worn)
 m - a +0 plate armour (worn)
 q - the -2 hat of the Alchemist {rElec rPois rF+ rC+ rN+ MR+ rMut rCorr}
   (You found it on level 5 of the Dungeon)

   It protects you from fire.
   It protects you from cold.
   It insulates you from electricity.
   It protects you from poison.
   It protects you from negative energy.
   It affects your resistance to hostile enchantments.
   It provides partial protection from all sources of acid and corrosion.
   It protects you from mutation.
 x - a +2 cloak (worn)
Jewellery
 j - a ring of protection from fire (left hand)
 u - a ring of stealth (right hand)
Scrolls
 d - a scroll of teleportation
 f - 2 scrolls of random uselessness
 l - a scroll of fear
 o - a scroll of amnesia
Potions
 b - a potion of magic {unknown}
 g - 2 potions of flight {unknown}
 i - a potion of degeneration {unknown}
 n - 2 potions of berserk rage {unknown}
 p - a potion of ambrosia {unknown}
 r - a potion of might {unknown}
 s - a potion of brilliance {unknown}
 t - 2 potions of invisibility {unknown}
 v - a potion of heal wounds {unknown}
 w - 4 potions of curing {unknown}
 z - a potion of experience {unknown}
Comestibles
 c - 8 rations
 h - 23 chunks of flesh


   Skills:
 * Level 8.0 Fighting
 * Level 8.0 Axes
 * Level 5.9 Throwing
 + Level 5.6 Armour
 + Level 5.0 Dodging
 * Level 8.2 Shields


You had 8 spell levels left.
You didn't know any spells.
Your spell library was empty.

Dungeon Overview and Level Annotations

Branches:
Dungeon (7/15)             Temple (0/1) D:4

Altars:
Gozag
Kikubaaqudgha
Makhleb
Okawaru
Sif Muna
Vehumet
Yredelemnul


Innate Abilities, Weirdness & Mutations

You reflexively headbutt those who attack you in melee.
You have a pair of horns on your head.


Message History

The orc warrior completely misses you. The orc hits you but does no damage.
Your plate armour prevents you from hitting the orc knight.
The orc knight shouts!
The orc warrior shouts!
Your headbutt misses the orc knight.
The orc knight is lightly wounded.
You hit the orc warrior. You block the orc warrior's attack.
The orc knight hits you with a halberd!
* * * LOW HITPOINT WARNING * * *
The orc warrior hits you from afar with a halberd.
* * * LOW HITPOINT WARNING * * *
You closely miss the orc knight.
The orc knight is lightly wounded.
You closely miss the orc warrior. The orc hits you but does no damage.
Unknown command.
You slash the orc knight! You headbutt the orc knight!
The orc knight is heavily wounded.
You barely miss the orc warrior.
The orc warrior hits you but does no damage.
The orc knight hits you with a halberd.
You die...

#.....#
#.....#
#.....#
#.....#
##'''##
##.....##
#....)..#
#..)))..#
#.oo@)o.#
#..))o..#
#.......#
##.....##
#'''''#
#.oo..#
.......
#.......#


You could see 2 orc knights, 3 orc warriors and an orc.

Vanquished Creatures
  Sigmund (D:3)
  A vampire (D:5)
  A hungry ghost (D:5)
  Menkaure (D:5)
  6 orc warriors
  Purgy (D:4)
  A necrophage (D:5)
  2 phantoms
  A sky beast (D:4)
  A black bear (D:6)
  An ice beast (D:7)
  4 ogres
  A crocodile (Sewer)
  A water moccasin skeleton (D:5)
  A howler monkey (D:6)
  3 crimson imps
  A centaur zombie (D:4)
  3 hounds
  A jelly (D:6)
  7 orc priests
  7 orc wizards
  A bullfrog skeleton (D:5)
  5 worker ants
  Ijyb (D:3)
  2 hound skeletons
  7 adders
  3 gnolls (D:5)
  A howler monkey skeleton (D:5)
  An ooze (D:2)
  2 adder skeletons (D:4)
  3 worms (D:2)
  3 dart slugs
  7 leopard geckos
  44 orcs
  9 bats
  6 giant cockroaches
  6 hobgoblins
  2 jackals (Sewer)
  11 kobolds
  5 quokkas
  2 ball pythons (D:1)
  8 frilled lizards
  8 goblins
  A leopard gecko skeleton (D:4)
  7 rats
191 creatures vanquished.

Notes
Turn   | Place    | Note
-------+----------+-------------------------------------------
     0 | D:1      | shmeve the Minotaur Berserker began the quest for the Orb.
     0 | D:1      | Reached XP level 1. HP: 19/19 MP: 0/0
   404 | D:1      | Reached XP level 2. HP: 27/27 MP: 1/1
   868 | D:1      | Reached skill level 1 in Shields
  1194 | D:2      | Reached XP level 3. HP: 33/33 MP: 2/2
  1790 | D:2      | Found an opulent altar of Gozag.
  1919 | D:2      | Reached ** piety under Trog
  1929 | D:2      | Reached XP level 4. HP: 31/40 MP: 3/3
  2046 | D:2      | Found a radiant altar of Vehumet.
  2046 | D:2      | Found a burning altar of Makhleb.
  2930 | D:3      | Noticed Ijyb
  2955 | D:3      | Killed Ijyb
  2955 | D:3      | Reached skill level 1 in Throwing
  3109 | D:3      | Reached XP level 5. HP: 46/46 MP: 4/4
  3145 | D:3      | Noticed Sigmund
  3159 | D:3      | Killed Sigmund
  3159 | D:3      | Reached XP level 6. HP: 53/53 MP: 5/5
  3958 | D:4      | Found an iron altar of Okawaru.
  4156 | D:4      | Noticed a sky beast
  4168 | D:4      | Killed a sky beast
  4168 | D:4      | Reached skill level 5 in Shields
  4276 | D:4      | Reached skill level 5 in Fighting
  4276 | D:4      | Reached skill level 5 in Axes
  4276 | D:4      | Reached XP level 7. HP: 61/61 MP: 6/6
  4353 | D:4      | Found a staircase to the Ecumenical Temple.
  4970 | D:4      | Noticed Purgy
  4981 | D:4      | Killed Purgy
  5125 | D:5      | Entered Level 5 of the Dungeon
  5191 | D:5      | Reached *** piety under Trog
  5332 | D:5      | Reached XP level 8. HP: 70/70 MP: 7/7
  5339 | D:5      | Found a basalt altar of Yredelemnul.
  5339 | D:5      | Found an ancient bone altar of Kikubaaqudgha.
  5339 | D:5      | Found a transporter.
  5340 | D:5      | Found the -2 hat of the Alchemist {rElec rPois rF+ rC+ rN+ MR+ rMut rCorr}
  5362 | D:5      | Noticed Menkaure
  5422 | D:5      | Found a transporter.
  5456 | D:5      | Killed Menkaure
  5683 | D:5      | Found a glowing drain.
  5694 | Sewer    | Entered a sewer
  5916 | Sewer    | Reached XP level 9. HP: 32/79 MP: 8/8
  6391 | D:6      | Reached skill level 5 in Armour
  6460 | D:6      | Reached skill level 5 in Throwing
  7103 | D:6      | Found a deep blue altar of Sif Muna.
  7120 | D:6      | Reached **** piety under Trog
  7655 | D:7      | Found a flagged portal.
  7719 | Bailey   | Entered a bailey
  7817 | Bailey   | Reached skill level 5 in Dodging
  7820 | Bailey   | Reached ***** piety under Trog
  7894 | Bailey   | Noticed an orc knight
  7904 | Bailey   | Noticed an orc knight
  7905 | Bailey   | HP: 2/121 [orc warrior/halberd (5)]
  7907 | Bailey   | Slain by an orc knight

Skill      XL: |  1  2  3  4  5  6  7  8  9 |
---------------+----------------------------+-----
Shields        | 1 3 4 5 6 7 8 |  8.2
Fighting       | 4 5 7 8 |  8.0
Axes           | 4 5 7 8 |  8.0
Throwing       | 1 2 3 4 5 |  5.9
Armour         | 3 4 5 |  5.6
Dodging        | 3 4 5 |  5.0

Action                   |  1- 3 |  4- 6 |  7- 9 || total
-------------------------+-------+-------+-------++-------
Melee: Hand axe          |    59 |   123 |     9 ||   191
       Headbutt          |     7 |    26 |    41 ||    74
       War axe           |       |       |   253 ||   253
Throw: Tomahawk          |       |     6 |       ||     6
Invok: Trog's Hand       |       |     2 |     3 ||     5
       Berserk           |       |     1 |     8 ||     9
  Use: Scroll            |       |       |     7 ||     7
 Stab: Sleeping          |     2 |       |       ||     2
  Eat: Chunk             |     3 |     9 |    19 ||    31
Armor: Animal skin       |    13 |     4 |       ||    17
       Scale mail        |       |    28 |    64 ||    92
       Plate armour      |       |       |    92 ||    92
Dodge: Dodged            |    59 |    67 |   184 ||   310
Block: Buckler           |       |    17 |    80 ||    97
